 Dungeon Crawl Stone Soup version bcrawl-1.12-10-g10a67aa (webtiles) character file.

Game seed: 9273151917291516511

424 Raine357 the Sneak (level 6, 0/28 HPs)
             Began as a Felid Monk on June 16, 2019.
             Slain by a gnoll sergeant
             ... wielding a +0 trident
              (8 damage)
             ... on level 4 of the Dungeon.
             The game lasted 00:14:08 (4635 turns).

Raine357 the Sneak (Felid Monk)                     Turns: 4635, Time: 00:14:08

Health: 0/28       AC:  4    Str:  7    XL:     6   Next: 96%
Magic:  8/8        EV: 19    Int: 14    God:
Gold:   170        SH:  0    Dex: 18    Spells: 5/5 levels left
                                        Lives:  0   Deaths: 1

rFire    . . .     SeeInvis +     - Unarmed
rCold    + . .     Gourm    .   (shield unavailable)
rNeg     . . .     Faith    +   (armour unavailable)
rPois    .         Spirit   .   (helmet unavailable)
rElec    .         Reflect  .   (cloak restricted)
rCorr    .         Harm     .   (gloves unavailable)
MR       +....                  (boots unavailable)
Stlth    ++++......             q - amulet of faith
HPRegen  0.09/turn              i - ring of protection from cold
MPRegen  0.11/turn              g - ring of protection from magic

@: quick
A: very small, no armour, no weapons or thrown items, stealth, claws 1, fangs 3,
horns 1, thin metallic scales 1, see invisible, carnivore, speed 1, frail 1,
shaggy fur 2, slow metabolism 1, sharp paws
a: no special abilities


You were on level 4 of the Dungeon.
You were very full.

You visited 1 branch of the dungeon, and saw 4 of its levels.

You collected 170 gold pieces.

Inventory:

Jewellery
 a - an uncursed amulet of guardian spirit
 g - a ring of protection from magic (right paw)
   (You took it off a hobgoblin on level 1 of the Dungeon)
 i - a ring of protection from cold (left paw)
   (You found it on level 1 of the Dungeon)
 q - an amulet of faith (around neck)
   (You found it on level 4 of the Dungeon)
Scrolls
 f - 2 scrolls of remove curse
 h - a scroll of amnesia {unknown}
 k - 2 scrolls of teleportation
 m - 2 scrolls of enchant weapon {unknown}
 o - a scroll of fog {unknown}
Potions
 c - 2 potions of ambrosia {unknown}
 d - a potion of mutation
 e - 2 potions of curing
 j - a potion of might {unknown}
 n - a potion of lignification {unknown}
 p - a potion of brilliance {unknown}
Comestibles
 b - 6 rations {!d}


   Skills:
 - Level 3.0 Fighting
 - Level 4.0 Dodging
 + Level 7.8 Stealth
 + Level 7.0 Unarmed Combat
   Level 2.0 Invocations


You had 5 spell levels left.
You didn't know any spells.
Your spell library was empty.

Dungeon Overview and Level Annotations

Branches:
Dungeon (4/12)
 Temple: D:4-7

Altars:
The Shining One

Annotations:
D:2 1 runed door
D:4 exclusions: ogre, ooze and wight


Innate Abilities, Weirdness & Mutations

You cannot wear almost all types of armour.
You are incapable of wielding weapons or throwing items.
Your paws allow you to move quietly. (Stealth)
You have sharp claws.
You have razor-sharp teeth.
You have supernaturally acute eyesight. (SInv)
You are carnivorous and can eat meat at any time.
You cover ground quickly.
You are covered in thick fur. (AC +2)
You have a slow metabolism.
Your sharp claws are effective at attacking unaware monsters.
You have a pair of small horns on your head.
You are partially covered in thin metallic scales. (AC +2)
You are frail. (-10% HP)


Message History

You scratch the orc but do no damage. You headbutt the orc, but do no damage.
The orc is heavily wounded.
The orc hits you with a +0 dagger.
You claw the orc!
You kill the orc!
You scratch the orc priest.
The orc priest is lightly wounded.
You closely miss the orc priest.
The orc priest is lightly wounded.
The orc priest hits you but does no damage.
You closely miss the orc priest.
You headbutt the orc priest, but do no damage.
The orc priest is lightly wounded.
The orc priest hits you with a +0 mace!
You closely miss the orc priest.
The orc priest is lightly wounded.
The orc priest misses you.
You scratch the orc priest but do no damage.
Your claw misses the orc priest.
The orc priest is lightly wounded.
You scratch the orc priest but do no damage.
The orc priest is lightly wounded.
The orc priest closely misses you.
You scratch the orc priest but do no damage.
The orc priest is lightly wounded.
The orc priest closely misses you.
You claw the orc priest!
The orc priest is severely wounded.
The orc priest hits you with a +0 mace.
You scratch the orc priest.
You kill the orc priest!
m - 2 scrolls labeled ANEUMN UQOD (gained 1)
You now have 100 gold pieces (gained 7).
Items here: ))) [[ †††
There is a stone staircase leading up, spattered with blood here.
You start resting.
Magic restored.
HP restored.
You can't go down here!
You can't go down here!
There are no items here.
You climb upwards.
The orc barely misses you.
The orc throws a tomahawk.
The tomahawk misses you. The orc misses you.
There is a stone staircase leading down here.
You closely miss the orc. The orc hits you but does no damage.
You scratch the orc but do no damage. The orc completely misses you.
You scratch the orc but do no damage. The orc hits you but does no damage.
You closely miss the orc. The orc misses you. x2
You closely miss the orc. You headbutt the orc. You claw the orc.
The orc is heavily wounded.
The orc closely misses you.
You scratch the orc. You bite the orc, but do no damage.
The orc is severely wounded.
The orc barely misses you. The orc hits you but does no damage.
You barely miss the orc. Your headbutt misses the orc.
The orc is severely wounded.
The orc hits you with a +0 club. The orc misses you.
You closely miss the orc.
The orc is severely wounded.
The orc completely misses you. The orc hits you but does no damage.
You scratch the orc but do no damage.
The orc is severely wounded.
The orc completely misses you.
You barely miss the orc.
The orc is severely wounded.
The orc misses you. The orc hits you but does no damage.
The orc shouts!
The orc wizard shouts!
You scratch the orc. You headbutt the orc, but do no damage.
The orc is almost dead.
The orc misses you.
You scratch the orc.
You kill the orc!
The orc closely misses you.
You scratch the orc wizard but do no damage.
The orc closely misses you. The orc wizard completely misses you.
The orc misses you.
The orc wizard hits you with a +0 dagger.
You climb downwards.
Level annotation: exclusion: ogre
There is a stone staircase leading up, spattered with blood here.
You scratch the orc but do no damage. You headbutt the orc.
Your bite misses the orc.
The orc is moderately wounded.
The orc hits you with a +0 whip!
The orc wizard casts a spell.
The orc wizard seems to speed up.
You closely miss the orc.
The orc is moderately wounded.
You claw the orc wizard! Your bite misses the orc wizard.
The orc wizard is severely wounded.
You barely miss the orc wizard.
You headbutt the orc wizard, but do no damage.
The orc wizard is severely wounded.
The orc wizard closely misses you. The orc wizard completely misses you.
You scratch the orc wizard.
The orc wizard is almost dead.
The orc wizard hits you but does no damage.
You scratch the orc wizard.
You kill the orc wizard!
The orc closely misses you.
Items here: )))) ? [[[ ÷ ††† You claw the orc!
You kill the orc!
No target in view!
No target in view!
Magic restored.
HP restored.
k - a scroll labeled GURAIT SECLIT You butcher the orc corpse.
o - a chunk of flesh
Items here: )))) [[[ ÷÷÷÷ x2
Eating a chunk of flesh.
You eat the chunk of flesh.
This raw flesh tastes great.
Things that are here:
a +0 whip a +0 leather armour of poison resistance an orc corpse You butcher the orc corpse.
o - 3 chunks of flesh
Things that are here:
a +0 whip a +0 leather armour of poison resistance an orc skeleton
Things that are here:
a +0 whip a +0 leather armour of poison resistance an orc skeleton Eating one of 3 chunks of flesh.
You eat one of the 3 chunks of flesh.
This raw flesh tastes great.
You see here an orc skeleton.
You see here 87 bolts.
Things that are here:
a +0 falchion; an orc skeleton You see here a robe.
Key pressed, stopping explore.
Key pressed, stopping explore.
p - a fizzy sapphire potion
q - a dented bone amulet Your Stealth skill increases to level 7!
An ooze and a wight come into view.
Found a fizzy silvery potion.
Press: ? - help, v - describe, . - travel
Here: a wight, wielding a +0 hand axe and wearing a +0 robe (resting)
The floor.
Placed new exclusion.
An ogre comes into view. It is wielding a +0 giant club.
Found a ration.
Level annotation: exclusions: ogre, ooze and wight Welcome back, Raine357 the Felid Monk.
Press ? for a list of commands and other information.
You don't know any spells.
There is a stone staircase leading up, spattered with blood here.
You climb upwards.
There is a stone staircase leading down here.
The sky beast is too close now for your liking.
Press: ? - help, v - describe, . - travel
Here: a sky beast (hasn't noticed you)
The floor.
The sky beast completely misses you.
You scratch the sky beast but do no damage.
The sky beast hits you. The sky beast shocks you.
You claw the sky beast!
The sky beast is moderately wounded.
The sky beast barely misses you.
You closely miss the sky beast. Your headbutt misses the sky beast.
The sky beast is moderately wounded.
The sky beast closely misses you.
You barely miss the sky beast.
The sky beast is moderately wounded.
You claw the sky beast! Your headbutt misses the sky beast.
You claw the sky beast.
The sky beast is severely wounded.
The sky beast hits you. The sky beast shocks you.
Press: ? - help, v - describe, . - travel A rock wall.
There is a stone staircase leading down here.
The sky beast flickers out of sight for a moment.
There is a stone staircase leading down here.
All of the chunks of flesh in your inventory have rotted away.
You claw the sky beast!
The sky beast is almost dead.
The sky beast closely misses you.
You claw the sky beast!
You kill the sky beast!
You see here a sky beast corpse.
You start resting.
HP restored.
The ogre is too close now for your liking.
There is an open door here.
The kobold shouts!
The kobold unwields a +0 blowgun.
The kobold misses you.
You scratch the kobold.
You kill the kobold!
e - 2 blue potions (gained 1)
You now have 109 gold pieces (gained 9).
Things that are here:
a +0 blowgun; 230 poisoned needles; a +0 robe
Found 17 gold pieces.
An adder comes into view.
Found a scroll labeled GURAIT SECLIT.
You see here 17 gold pieces.
You now have 126 gold pieces (gained 17).
The adder hisses angrily.
The adder bites you but does no damage.
You barely miss the adder. The adder barely misses you.
You scratch the adder but do no damage. Your bite misses the adder.
The adder bites you but does no damage.
You barely miss the adder. Your headbutt misses the adder.
The adder completely misses you.
You closely miss the adder. The adder bites you.
You claw the adder!
The adder is severely wounded.
The adder bites you but does no damage.
You closely miss the adder.
The adder is severely wounded.
The adder closely misses you.
You scratch the adder.
You kill the adder!
k - 2 scrolls labeled GURAIT SECLIT (gained 1)
A worm comes into view.
The orc shouts!
You scratch the worm.
The worm is moderately wounded.
The worm bites you.
You scratch the worm.
You headbutt the worm, but do no damage.
You bite the worm.
The worm is heavily wounded.
The worm closely misses you.
You scratch the worm. Your headbutt misses the worm.
The worm is heavily wounded.
You scratch the worm.
The worm is almost dead.
The worm misses you.
You claw the worm!
You kill the worm!
You scratch the orc but do no damage. Your headbutt misses the orc.
The orc closely misses you.
You completely miss the orc. The orc hits you with a +0 short sword.
You scratch the orc. Your headbutt misses the orc.
The orc is heavily wounded.
The orc hits you but does no damage.
You scratch the orc.
You kill the orc!
o - a scroll labeled ULEPSUSCHIEDY You now have 132 gold pieces (gained 6).
Things that are here:
a +0 short sword; an uncursed ring of insulation; a worm corpse
f - 2 scrolls of remove curse (gained 1)
Things that are here:
61 tomahawks; a +2 antimagic dagger HP restored.
You butcher the worm corpse.
r - 2 chunks of flesh
Things that are here:
a +0 short sword; an uncursed ring of insulation
Things that are here:
a +0 short sword; an uncursed ring of insulation Eating one of 2 chunks of flesh.
You eat one of the 2 chunks of flesh.
This raw flesh tastes great.
Things that are here:
124 tomahawks; a +0 scale mail; a +0 club
Found a stone staircase leading down.
There is a stone staircase leading down here.
You climb downwards.
Level annotation: exclusions: ogre, ooze and wight
There is a stone staircase leading up here.
You open the door. 5 gnolls and a gnoll sergeant come into view.
The gnoll shouts! x4; The gnoll sergeant shouts!
The gnoll shouts!
You hear a shout! x2
You close the door.
A gnoll opens the door.
You close the door.
A gnoll sergeant opens the door.
The gnoll sergeant hits you but does no damage.
You scratch the gnoll.
The gnoll is heavily wounded.
The gnoll closely misses you.
You scratch the gnoll.
You kill the gnoll!
The gnoll sergeant hits you from afar with a +0 trident!
There is a stone staircase leading up here.
You climb upwards.
There is a stone staircase leading down here.
You start resting.
All of the chunks of flesh in your inventory have rotted away.
HP restored.
There is an open door here.
The ogre is too close now for your liking.
There is an open door here.
A hobgoblin comes into view.
You pounce on the unaware helpless hobgoblin!
You eviscerate the hobgoblin!!!
You kill the hobgoblin!
There is an open door here.
You now have 154 gold pieces (gained 22).
There are no items here.
There is an open door here.
There is a stone staircase leading down here.
You climb downwards.
Level annotation: exclusions: ogre, ooze and wight
There is a stone staircase leading up, spattered with blood here.
You see here 173 arrows.
An ogre is nearby!
There is an escape hatch in the floor here.
An adder comes into view.
The adder moves out of view.
Found a stone staircase leading down.
b - 6 rations {!d} (gained 1)
An orc comes into view. It is wielding a +0 mace.
Found a scroll labeled GURAIT SECLIT.
Your Unarmed Combat skill increases to level 7!
A hound comes into view.
Found 16 gold pieces.
You pounce on the unaware helpless hound!
You eviscerate the hound!!!
You kill the hound!
You now have 170 gold pieces (gained 16).
You see here a hound corpse.
You open the door.
Found a dagger.
Found an escape hatch in the ceiling.
There is an open door here.
Found a club.
You pounce on the unaware helpless orc!
You eviscerate the orc!!!
You kill the orc!
k - 3 scrolls labeled GURAIT SECLIT (gained 1)
You see here a +0 mace.
An orc comes into view. It is wielding a +0 mace.
The orc moves out of view.
An orc wizard comes into view. It is wielding a +0 dagger.
An orc comes into view. It is wielding a +0 flail.
You see here a +0 mace.
You open the door.
There is an open door here.
There isn't anything here!
Really walk into a travel-excluded area? [Y]es or [N]o only, please.
Really walk into a travel-excluded area?
Okay, then.
Press: ? - help, v - describe, . - travel, g - get item A curved copper wand.
The floor.
The adder hisses angrily.
A quokka comes into view.
There is an open door here.
The adder bites you but does no damage.
You scratch the adder but do no damage. Your headbutt misses the adder.
The adder misses you.
You barely miss the adder. The adder bites you.
You scratch the adder.
The adder is heavily wounded.
The adder completely misses you. The quokka completely misses you.
The adder bites you.
You are poisoned.
The adder poisons you!
You miss the adder.
The adder is heavily wounded.
You feel sick. The quokka closely misses you. The adder misses you.
You barely miss the adder.
The adder is heavily wounded.
The quokka bites you but does no damage.
The adder bites you but does no damage.
You barely miss the adder.
The adder is heavily wounded.
The adder bites you but does no damage. The quokka closely misses you.
You scratch the adder.
You headbutt the adder, but do no damage.
The adder is heavily wounded.
You feel sick. The adder closely misses you.
The quokka bites you but does no damage.
You scratch the adder but do no damage. Your bite misses the adder.
The adder is heavily wounded.
The adder bites you. The quokka barely misses you.
You barely miss the adder. You headbutt the adder. Your bite misses the adder.
The adder is almost dead.
The adder misses you. The quokka misses you. The adder closely misses you.
You miss the adder. Your headbutt misses the adder.
The adder is almost dead.
You feel sick. The quokka barely misses you. The adder barely misses you.
You miss the adder.
The adder is almost dead.
The quokka closely misses you. The adder closely misses you.
You miss the adder. Your headbutt misses the adder.
The adder is almost dead.
The quokka barely misses you. The adder closely misses you.
You closely miss the adder. Your headbutt misses the adder.
Your bite misses the adder.
The adder is almost dead.
The quokka misses you. The adder misses you.
You claw the adder!
You kill the adder!
The quokka closely misses you.
You feel sick. The quokka misses you.
You scratch the quokka.
The quokka is lightly wounded.
The quokka barely misses you.
You scratch the quokka. You bite the quokka, but do no damage.
The quokka is heavily wounded.
The quokka closely misses you.
You closely miss the quokka. You headbutt the quokka.
You kill the quokka!
You see here a quokka corpse.
You butcher the quokka corpse.
You feel sick.
r - a chunk of flesh You see here a quokka skeleton.
You close the door.
You start resting.
Eating a chunk of flesh.
You eat the chunk of flesh.
This raw flesh tastes great.
You feel sick.
You are no longer poisoned.
You start resting.
The orc is too close now for your liking.
You start resting.
HP restored.
An orc comes into view. It is wielding a +2 mace of protection.
You see here a +0 mace.
You start waiting.
The orc is too close now for your liking.
The orc shouts!
You scratch the orc.
The orc is heavily wounded.
The orc closely misses you.
You scratch the orc.
The orc is almost dead.
The orc hits you with a +2 mace of protection.
You barely miss the orc.
The orc is almost dead.
The orc closely misses you.
You closely miss the orc.
The orc is almost dead.
You closely miss the orc. You headbutt the orc, but do no damage.
The orc is almost dead.
The orc hits you with a +2 mace of protection!
You scratch the orc but do no damage.
The orc is almost dead.
The orc closely misses you.
You scratch the orc.
You kill the orc!
Things that are here:
a +2 mace of protection; a +0 leather armour; an orc corpse You start resting.
Magic restored.
HP restored.
Things that are here:
a +2 mace of protection; a +0 leather armour; an orc corpse
There is an open door here.
The gnoll closely misses you.
There is an open door here.
The gnoll sergeant shouts!
You scratch the gnoll. Your headbutt misses the gnoll. You bite the gnoll.
The gnoll is heavily wounded.
You hear a shout! x3
The orc shouts!
You scratch the gnoll but do no damage.
The gnoll is heavily wounded.
You hear a shout!
The gnoll hits you.
You scratch the gnoll.
The gnoll is almost dead.
The gnoll misses you.
You closely miss the gnoll.
The gnoll is almost dead.
The orc wizard shouts!
The gnoll completely misses you.
You scratch the gnoll.
You kill the gnoll!
The gnoll sergeant hits you from afar with a +0 trident!
The orc closely misses you.
An orc comes into view. It is wielding a +0 short sword.
There is an open door here.
You see here a hound skeleton.
The orc shouts!
The gnoll shouts!
You scratch the orc. Your headbutt misses the orc.
The orc is severely wounded.
The orc misses you.
You claw the orc!
You kill the orc!
The gnoll closely misses you.
As you read the scroll labeled GURAIT SECLIT, it crumbles to dust.
You feel strangely unstable.
It was a scroll of teleportation.
As you read the scroll labeled FEGAZA FUASK, it crumbles to dust.
It is a scroll of identify.
q - an uncursed amulet of faith Put on which piece of jewellery? (? for menu, Esc to quit)
You remove your amulet of guardian spirit.
You feel a strange surge of divine interest.
q - an amulet of faith (around neck)
As you read the scroll of identify, it crumbles to dust.
e - 2 potions of curing Your surroundings suddenly seem different.
The gnoll sergeant is too close now for your liking.
The gnoll sergeant shouts!
You hear a shout! x3
You scratch the gnoll sergeant but do no damage.
The gnoll sergeant hits you with a +0 trident!
You scratch the gnoll sergeant.
The gnoll sergeant is lightly wounded.
The gnoll sergeant hits you with a +0 trident.
* * * LOW HITPOINT WARNING * * *
The gnoll sergeant hits you from afar with a +0 trident!
You die...

###### .....# .....#
....)#########
#............######
).................
#............###g################
#.g..........# #.#......g.......#
#............# #@#.############g#
#............# #.#......# #.#
#............###.######g# #.#
##+#######..........###.# #.#
#..........)...# #.#
#..........##### #.# #..........#
#.# ############ #.. ###


You could see a gnoll sergeant.

Vanquished Creatures
  A sky beast (D:3)
  An ogre (D:4)
  2 hounds (D:4)
  An orc priest (D:4)
  An orc wizard (D:4)
  2 worker ants
  3 adders
  2 gnolls (D:4)
  An ooze (D:1)
  A dart slug (D:3)
  2 worms
  6 leopard geckos
  13 orcs
  A ball python (D:1)
  3 giant cockroaches
  8 hobgoblins
  11 kobolds
  A quokka (D:4)
  6 bats
  4 goblins
  4 rats
74 creatures vanquished.

Notes
Turn   | Place    | Note
-------+----------+-------------------------------------------
     0 | D:1      | Raine357 the Felid Monk began the quest for the Orb.
     0 | D:1      | Reached XP level 1. HP: 12/12 MP: 3/3
   141 | D:1      | Reached XP level 2. HP: 16/16 MP: 4/4
  1145 | D:2      | Reached XP level 3. HP: 20/20 MP: 5/5
  1392 | D:2      | Found a runed door.
  1525 | D:2      | Found a glowing golden altar of the Shining One.
  1953 | D:3      | Reached XP level 4. HP: 24/24 MP: 6/6
  1960 | D:3      | Reached skill level 5 in Stealth
  1995 | D:3      | HP: 1/24 [orc wizard/puff of flame (7)]
  1995 | D:3      | Slain by an orc wizard
  1996 | D:3      | Reached XP level 3. HP: 0/20 MP: 0/5
  2080 | D:3      | Reached skill level 5 in Unarmed Combat
  2277 | D:3      | Reached XP level 4. HP: 24/24 MP: 6/6
  2277 | D:3      | Noticed a sky beast
  2309 | D:4      | Reached XP level 5. HP: 28/28 MP: 7/7
  2309 | D:4      | Noticed an ogre
  2312 | D:4      | Killed an ogre
  2318 | D:4      | Noticed an ogre
  2379 | D:4      | HP: 3/28 [worker ant (6)]
  2381 | D:4      | Gained mutation: You have a pair of small horns on your
                  | head. [potion of mutation]
  2381 | D:4      | Gained mutation: You are frail. (-10% HP) [potion of
                  | mutation]
  2381 | D:4      | Gained mutation: You are partially covered in thin metallic
                  | scales. (AC +2) [potion of mutation]
  2768 | D:4      | Gained mutation: You are covered in thick fur. (AC +2)
                  | [Felid growth]
  2768 | D:4      | Reached XP level 6. HP: 28/28 MP: 8/8
  3453 | D:3      | Killed a sky beast
  4635 | D:4      | Slain by a gnoll sergeant

Skill      XL: |  1  2  3  4  5  6 |
---------------+-------------------+-----
Unarmed Combat | 4 5 6 7 |  7.0
Stealth        | 4 6 7 |  7.8
Fighting       | |  3.0
Dodging        | |  4.0
Invocations    | |  2.0

Action                   |  1- 3 |  4- 6 || total
-------------------------+-------+-------++-------
Melee: Unarmed           |   111 |   138 ||   249
       Bite              |    13 |     6 ||    19
       Punch             |     1 |     2 ||     3
       Headbutt          |       |    14 ||    14
  Use: Scroll            |     1 |     3 ||     4
       Potion            |       |     1 ||     1
 Stab: Sleeping          |    16 |     5 ||    21
  Eat: Chunk             |    15 |     4 ||    19
Armor: Skin              |     8 |    16 ||    24
Dodge: Dodged            |    76 |   114 ||   190

Table legend:
 A = Turns spent in this place as a percentage of turns spent in the entire game.
 B = Non-inter-level travel turns spent in this place as a percentage of non-inter-level travel turns spent in the entire game.
 C = Inter-level travel turns spent in this place as a percentage of turns spent in this place.
 D = Turns resting spent in this place as a percentage of non-inter-level travel turns spent in this place.
 E = Turns spent auto-exploring this place as a percentage of non-inter-level travel turns spent in this place.
 F = Non-inter-level travel turns spent in this place divided by the number of levels of this place that you've seen.
                   A       B       C       D       E      F
               +-------+-------+-------+-------+-------+----------------------
         Total | 100.0 | 100.0 |   2.5 |  24.2 |  43.2 | 1130.0
       Dungeon | 100.0 | 100.0 |   2.5 |  24.2 |  43.2 | 1130.0
               +-------+-------+-------+-------+-------+----------------------
